Map: Catalyst LE

Players

邻家小猪

  • Race: Terran Terran
  • League: Platinum
  • Spawn Location: 5:00

反正我又不会玩 - Winner!

  • Race: Zerg Zerg
  • League: Grandmaster
  • Spawn Location: 11:00

VOD

Have the link to the VOD?

Description

Time

  • Played on: Feb. 26, 2018, 8:33 a.m.
  • Length: 13:31
Show
View Real Time Build Order
Export as new Build Order

邻家小猪 Terran 

Build Orders: MMM Bio 

Get SALT Encoding   

  12  0:01  SCV  
  13  0:13  SCV  
  14  0:19  Supply Depot  
  14  0:25  SCV  
  15  0:40  SCV  
  16  0:43  Barracks  
  16  0:52  SCV  
  17  0:59  Refinery  
  17  1:05  SCV  
  18  1:17  SCV  
  19  1:29  Command Center  
  19  1:32  Marine  
  20  1:36  Orbital Command  
  20  1:50  Marine  
  20  1:51  Supply Depot  
  21  1:55  Refinery  
  21  1:58  Refinery  
  21  2:03  SCV  
  21  2:07  Marine  
  23  2:15  SCV  
  23  2:18  Supply Depot  
  24  2:25  Marine  
  25  2:38  SCV  
  27  2:48  Orbital Command  
  27  2:52  SCV  
  27  2:57  Barracks Reactor  
  27  2:59  Supply Depot  
  27  3:00  Factory  
  27  3:05  SCV  
  28  3:11  Engineering Bay  
  28  3:14  SCV  
  29  3:20  SCV  
  30  3:27  SCV  
  30  3:32  SCV  
  32  3:35  Supply Depot, Barracks x2  
  32  3:39  SCV  
  33  3:44  SCV  
  33  3:45  Terran Infantry Weapons Level 1  
  33  3:46  Barracks Tech Lab  
  34  3:51  SCV  
  34  3:54  Hellion  
  34  3:55  Hellion  
  39  3:57  SCV  
  40  4:04  Starport  
  40  4:07  SCV  
  40  4:09  SCV  
  42  4:11  Stimpack  
  42  4:19  SCV  
  42  4:21  Hellion x2  
  42  4:23  SCV  
  48  4:25  Barracks Reactor  
  48  4:27  Barracks Reactor  
  48  4:30  Supply Depot  
  48  4:31  SCV  
  48  4:35  SCV  
  50  4:43  Hellion x2, SCV  
  55  4:47  SCV  
  56  4:55  Viking, SCV  
  56  4:58  Supply Depot  
  56  4:59  SCV  
  60  5:07  SCV  
  60  5:08  Command Center  
  60  5:12  SCV  
  62  5:21  SCV  
  62  5:24  SCV  
  64  5:33  Supply Depot, Factory Reactor, SCV  
  59  5:48  SCV x2  
  61  5:51  Marine  
  61  5:52  Marine x4  
  61  5:54  Terran Infantry Armor Level 1  
  61  5:56  Supply Depot, Armory  
  66  5:57  Engineering Bay  
  66  6:00  SCV, Medivac x2, Barracks x2  
  66  6:03  Refinery  
  71  6:07  Refinery  
  71  6:09  Marine x2  
  73  6:14  Marine x2  
  73  6:15  Marine  
  73  6:16  Widow Mine x2  
  80  6:18  SCV  
  80  6:19  SCV  
  80  6:20  Supply Depot  
  80  6:22  Orbital Command  
  82  6:27  Marine x2, Combat Shields  
  82  6:30  SCV  
  82  6:32  Marine  
  86  6:33  Marine  
  86  6:34  Marine  
  86  6:35  Medivac  
  90  6:45  Marine x2  
  92  6:50  Orbital Command  
  92  6:56  Barracks Reactor  
  92  6:58  Terran Infantry Weapons Level 2  
  92  7:01  Supply Depot x2  
  92  7:02  Marine x3, Factory Tech Lab  
  92  7:04  Barracks  
  92  7:05  Barracks  
  95  7:13  Marine x4  
  99  7:19  Marine  
  99  7:20  Marine x2  
  98  7:26  SCV  
  98  7:27  SCV  
  98  7:28  SCV  
  101  7:31  Marine x4  
  101  7:37  Marine x2  
  86  7:48  Orbital Command  
  81  7:54  Marine x3  
  81  7:55  Marine x4  
  81  7:56  Siege Tank, Medivac x2  
  89  7:58  Marine  
  89  8:03  Marine, Barracks Reactor x2  
  91  8:12  Marine x5  
  93  8:14  SCV x3  
  93  8:17  Marine x2  
  93  8:18  Marine  
  102  8:21  Marine  
  102  8:26  SCV x3  
  106  8:30  Marine x4  
  106  8:31  Terran Infantry Armor Level 2  
  106  8:34  Terran Vehicle Weapons Level 1  
  110  8:38  SCV x3  
  113  8:43  Supply Depot  
  113  8:44  Supply Depot  
  113  8:46  Supply Depot  
  113  8:50  SCV  
  113  8:52  Marine x4  
  113  8:53  Supply Depot  
  113  8:54  Siege Tank  
  113  8:55  Supply Depot  
  121  8:56  SCV  
  121  8:57  Supply Depot  
  121  9:00  SCV, Marine  
  121  9:01  Marine  
  121  9:02  SCV  
  126  9:07  Marine x6  
  78  9:10  Medivac  
  132  9:13  Marine  
  132  9:14  Marine x3  
  138  9:20  Marine x3  
  141  9:24  Marine  
  141  9:25  Marine x2  
  141  9:28  Marine x3  
  141  9:29  Siege Tank, Medivac  
  152  9:31  Marine  
  153  9:39  Medivac  
  153  9:40  Marine x2  
  157  9:52  Command Center  
  153  9:57  Marine x3  
  153  9:58  Marine x2  
  153  9:59  Marine  
  152  10:00  Marine  
  152  10:03  Marine  
  152  10:04  Marine  
  156  10:07  Marine  
  156  10:08  Siege Tank, Marine x2  
  161  10:16  Marine x2  
  161  10:17  Marine x2  
  165  10:24  Factory  
  165  10:30  Marine  
  165  10:31  Marine x4  
  170  10:41  Siege Tank  
  119  11:05  Planetary Fortress  
  119  11:12  Marine x6  
  119  11:13  Siege Tank, Marine x7  
  119  11:14  Medivac  
  119  11:15  Factory Tech Lab  
  137  11:23  Refinery  
  137  11:25  Refinery  
  137  11:30  Marine x8  
  137  11:31  Marine x2, Barracks  
  137  11:32  Medivac, Barracks x2  
  149  11:46  Siege Tank  
  121  12:04  Marine  
  121  12:05  Marine x12  
  100  12:18  Siege Tank  
  100  12:22  Marine  
  87  12:23  Marine x12  
  87  12:24  Siege Tank, Medivac  
  87  12:25  Medivac  
  106  12:30  Barracks Tech Lab  
  106  12:31  Barracks Tech Lab  
  106  12:32  Barracks Tech Lab  
  106  12:39  Orbital Command  
  106  12:40  Marine x2, Command Center  
  106  12:41  Marine x2  
  106  12:42  Marine x7  
  117  12:44  Marine  
  117  12:45  Marine  
  117  12:51  Marine, Marauder  
  122  12:58  Marine x2  
Show
View Real Time Build Order
Export as new Build Order

反正我又不会玩 Zerg - Winner!

Build Orders: Pool First 

Get SALT Encoding   

  12  0:01  Drone  
  13  0:07  Drone  
  14  0:17  Overlord  
  14  0:24  Drone, Extractor  
  15  0:36  Drone x2  
  17  0:45  Spawning Pool  
  17  0:49  Drone  
  17  1:09  Hatchery  
  16  1:13  Drone  
  16  1:15  Drone  
  18  1:34  Zergling x2  
  18  1:35  Zergling x2  
  18  1:37  Zergling x2  
  21  1:45  Hatchery  
  20  1:53  Queen  
  22  1:57  Extractor  
  21  2:01  Overlord  
  21  2:08  Drone  
  22  2:20  Drone  
  22  2:21  Queen  
  22  2:22  Drone  
  26  2:39  Drone x2  
  27  2:48  Drone x3  
  27  2:50  Queen  
  32  3:01  Drone x3  
  35  3:06  Drone x2  
  35  3:10  Metabolic Boost  
  37  3:14  Overlord  
  37  3:17  Drone  
  38  3:26  Drone x3  
  41  3:32  Overlord, Queen  
  41  3:33  Drone  
  44  3:39  Queen  
  46  3:46  Drone x3  
  49  3:48  Overlord  
  49  3:53  Drone x2  
  51  4:06  Hatchery  
  51  4:07  Drone x4  
  51  4:08  Drone  
  55  4:14  Zergling x2  
  55  4:15  Zergling x6  
  59  4:18  Queen  
  59  4:21  Overlord  
  61  4:28  Overlord x2  
  61  4:30  Queen  
  63  4:38  Drone x2  
  65  4:43  Drone x2  
  65  4:44  Drone x3, Extractor  
  70  4:52  Drone  
  70  4:53  Drone x5  
  70  4:58  Evolution Chamber  
  74  5:01  Evolution Chamber  
  74  5:04  Baneling Nest  
  74  5:07  Zergling x12  
  73  5:11  Zergling x2  
  73  5:13  Overlord  
  73  5:14  Overlord, Drone  
  79  5:17  Extractor x2  
  79  5:21  Drone  
  79  5:22  Spore Crawler, Drone x2  
  79  5:25  Spore Crawler  
  79  5:31  Drone  
  79  5:32  Drone x5  
  81  5:35  Drone x2  
  81  5:36  Drone  
  81  5:38  Spore Crawler  
  76  5:46  Hatchery  
  74  5:51  Zergling x2  
  74  5:52  Zergling x12  
  81  5:59  Zerg Melee Weapons Level 1, Zerg Ground Armor Level 1  
  81  6:05  Lair  
  81  6:07  Zergling x2  
  81  6:08  Zergling x12  
  88  6:18  Drone x2  
  90  6:21  Spore Crawler  
  89  6:26  Zergling x2  
  89  6:27  Zergling x24  
  89  6:32  Drone x3  
  105  6:35  Overlord  
  105  6:36  Overlord  
  105  6:39  Overlord  
  105  6:50  Overlord x2  
  105  6:55  Zergling x10  
  105  6:56  Zergling x14  
  105  6:58  Drone  
  105  6:59  Baneling  
  105  7:00  Baneling x5  
  105  7:01  Baneling  
  117  7:11  Drone  
  117  7:12  Drone x9  
  117  7:14  Centrifical Hooks  
  125  7:30  Zergling x2  
  125  7:31  Zergling x20  
  127  7:40  Drone x2  
  127  7:41  Drone  
  127  7:42  Drone  
  126  7:47  Zergling x14  
  126  7:48  Zergling x6  
  126  7:49  Zergling x4  
  137  7:53  Zergling x4  
  137  7:55  Zerg Melee Weapons Level 2, Zerg Ground Armor Level 2  
  137  7:57  Overlord  
  137  7:58  Infestation Pit  
  137  7:59  Spire  
  136  8:09  Hatchery, Zergling x4  
  136  8:10  Zergling x14  
  144  8:15  Overlord x2, Drone  
  145  8:23  Zergling x2  
  145  8:24  Zergling x18  
  145  8:25  Spore Crawler  
  154  8:30  Baneling  
  154  8:31  Baneling x17  
  154  8:32  Baneling x3  
  154  8:35  Drone  
  154  8:36  Drone, Extractor  
  154  8:37  Drone x2  
  154  8:40  Hive  
  157  8:47  Zergling x16  
  165  8:49  Overlord  
  165  8:50  Overlord  
  165  8:56  Spore Crawler  
  165  9:02  Drone  
  165  9:03  Drone x9  
  174  9:20  Baneling  
  174  9:21  Baneling x4  
  174  9:22  Baneling x14  
  174  9:23  Drone, Extractor  
  174  9:24  Drone x3  
  176  9:27  Zergling x2  
  176  9:28  Zergling x14  
  176  9:29  Hatchery  
  185  9:31  Zergling x6  
  185  9:32  Spore Crawler  
  185  9:34  Zergling x6  
  185  9:35  Zergling x2  
  190  9:42  Zergling x12  
  192  10:00  Adrenal Glands  
  191  10:08  Drone  
  191  10:09  Drone  
  191  10:10  Zergling x8  
  191  10:11  Zergling x2  
  191  10:12  Overlord x3  
  195  10:27  Zerg Ground Armor Level 3  
  195  10:28  Zerg Melee Weapons Level 3  
  195  10:34  Baneling x2  
  194  10:36  Zergling x18  
  194  10:37  Zergling x8  
  194  10:42  Zergling x2  
  163  10:43  Zergling x50  
  163  10:47  Ultralisk Cavern  
  160  10:53  Zergling x2  
  160  10:54  Zergling x22  
  153  11:06  Zergling x2  
  153  11:07  Zergling x18  
  153  11:10  Zergling x2  
  153  11:11  Zergling x4  
  166  11:14  Zergling x10  
  166  11:17  Zergling x2  
  166  11:18  Zergling x6  
  175  11:22  Baneling x10  
  175  11:23  Baneling x28  
  175  11:24  Baneling x2  
  175  11:25  Zergling x6  
  176  11:26  Zergling x16  
  148  12:03  Zergling x2  
  148  12:04  Zergling x22  
  148  12:05  Zergling x34  
  171  12:10  Drone x2  
  160  12:17  Zergling x2  
  159  12:25  Zergling x22  
  159  12:27  Zergling x8  
  159  12:28  Zergling x4  
  176  12:32  Zergling x2  
  176  12:35  Hatchery  
  176  12:49  Spore Crawler  
  175  13:01  Baneling x4  
  175  13:02  Baneling x24  
  175  13:03  Baneling x7  
  175  13:04  Zergling x22  
  175  13:05  Zergling x26  
Tags
 
Composition
MMM Bio
Matchup
TvZ
Opening
Pool First
Spawn Locations
Cross Positions
Add a new tag
Caveats
  • Supply blocks, unpowered buildings, or Contaminate may cause inaccurate times.
  • Supply counts are checked every 10 seconds.